 Dungeon Crawl Stone Soup version 0.30.0-17-ge0270778cf (webtiles) character file.

Game seed: 2211458375210129983

766 RascalDebosk the Magician (level 8, -2/58 HPs)
             Began as a Djinni Warper on May 21, 2023.
             Slain by a killer bee zombie (5 damage)
             ... on level 5 of the Dungeon.
             The game lasted 00:25:36 (5331 turns).

RascalDebosk the Magician (Djinni Warper)           Turns: 5331, Time: 00:25:37

Health: -2/58      AC:  6    Str: 12    XL:     8   Next: 8%
Gold:   223        EV: 12    Int: 16    God:
                   SH:  0    Dex: 14

rFire   + + .        z - +0 great sword
rCold   x . .        (shield currently unavailable)
rNeg    + . .        p - +2 leather armour of the Forest {rN+ MP+9 Str+2 Slay+2}
rPois   ∞            (no helmet)
rElec   .            i - +0 cloak
rCorr   .            (no gloves)
SInv    .            (boots unavailable)
Will    .....        (no amulet)
Stlth   +            (no ring)
HPRegen 0.29/turn    (no ring)
MPRegen 0.00/turn

%: infuse magic (-3 HP)
@: flying, very slightly contaminated
A: sickness immunity, fire resistance 2, cold vulnerability 1, float, innate
caster, HP casting, extra vitality 1
a: no special abilities


You were on level 5 of the Dungeon.
You visited 1 branch of the dungeon, and saw 5 of its levels.
You also visited: Sewer.

You collected 223 gold pieces.

Inventory:

Hand Weapons
 a - a +0 falchion
 z - a +0 great sword (weapon)
Missiles
 d - 10 boomerangs of dispersal (quivered)
 s - a boomerang
 A - a throwing net {@!f}
Armour
 b - a +0 leather armour
 i - a +0 cloak (worn)
 j - a +0 leather armour of fire resistance
 p - the +2 leather armour of the Forest (worn) {rN+ MP+9 Str+2 Slay+2}
   (You found it on level 3 of the Dungeon)

   Str:       It affects your strength (+2).
   Slay:      It affects your accuracy & damage with ranged weapons and melee
   (+2).
   rN:        It protects you from negative energy.
   MP:        It affects your magic capacity (+9).
Scrolls
 f - 5 scrolls of teleportation {unknown}
 g - 3 scrolls of blinking
 k - a scroll of fog {unknown}
 l - 3 scrolls of identify {unknown}
 m - a scroll of acquirement {unknown}
 n - a scroll of enchant armour {unknown}
 q - a scroll of magic mapping {unknown}
 t - a scroll of immolation {unknown}
 y - 3 scrolls of fear {unknown}
 D - a scroll of enchant weapon {unknown}
 E - 2 scrolls of noise {unknown}
Potions
 c - 2 potions of mutation {unknown}
 e - 4 potions of curing {unknown}
 h - 5 potions of haste {unknown}
 o - a potion of degeneration {unknown}
 r - 2 potions of flight {unknown}
 u - a potion of heal wounds {unknown}
 v - a potion of magic {unknown}
 w - 2 potions of cancellation {unknown}
 x - a potion of berserk rage {unknown}
 B - a potion of ambrosia {unknown}
 C - 3 potions of might {unknown}


   Skills:
 * Level 4.9 Fighting
 + Level 3.3 Long Blades
 - Level 0.7 Throwing
 - Level 1.0 Armour
 - Level 2.1 Dodging
 * Level 5.3 Spellcasting


You knew the following spells:

 Your Spells              Type           Power      Damage    Failure   Level
a - Blink                 Tloc           42%        N/A       3%          2
b - Lesser Beckoning      Tloc           42%        N/A       3%          2
c - Vhi's Electric Charg  Tloc/Air       42%        N/A       6%          3
d - Teleport Other        Tloc           21%        N/A       6%          3
e - Manifold Assault      Tloc           21%        N/A       21%         4
f - Shock                 Conj/Air       84%        1d8       1%          1
g - Wereblood             Tmut           21%        N/A       3%          2
h - Spider Form           Tmut/Pois      21%        N/A       6%          3
Your spell library was empty.

Dungeon Overview and Level Annotations

Branches:
Dungeon (5/15)              Sewer (visited)
 Temple: D:4-7

Altars:
Dithmenos
The Shining One

Shops:
D:1 :=(:[


Innate Abilities, Weirdness & Mutations

You are immune to sickness and miasma.
You are immune to poison.
Your flesh is very heat resistant. (rF++)
You are vulnerable to cold. (rC-)
You float through the air rather than walking.
You learn spells naturally, not from books.
Your magical power is your life essence.
You have superior vitality. (+4 MHP)


Message History

You hit the water moccasin zombie.
The water moccasin zombie is moderately damaged.
The water moccasin zombie closely misses you.
The water moccasin zombie barely misses you.
You barely miss the water moccasin zombie.
The water moccasin zombie is moderately damaged.
The water moccasin zombie bites you but does no damage.
The water moccasin zombie barely misses you.
You slash the water moccasin zombie!
The water moccasin zombie is heavily damaged.
The water moccasin zombie bites you. x2
You barely miss the water moccasin zombie.
The water moccasin zombie is heavily damaged.
The water moccasin zombie bites you.
A killer bee zombie comes into view.
You hit the water moccasin zombie.
The water moccasin zombie is severely damaged.
The water moccasin zombie bites you.
The water moccasin zombie bites you but does no damage.
You slice the water moccasin zombie!!
You destroy the water moccasin zombie!
The killer bee zombie hits you but does no damage.
The killer bee zombie barely misses you.
A bullfrog zombie comes into view.
The killer bee zombie hits you but does no damage.
The killer bee zombie hits you. The bullfrog zombie misses you.
The killer bee zombie barely misses you.
The killer bee zombie misses you.
The bullfrog zombie completely misses you.
A bullfrog zombie comes into view.
The killer bee zombie hits you.
Casting: Wereblood (safe; 3% risk of failure)
Confirm with . or Enter, or press ? or * to list all spells.
You miscast Wereblood.
You are very lightly contaminated with residual magic.
Nothing appears to happen.
The bullfrog zombie hits you.
The killer bee zombie closely misses you.
The bullfrog zombie hits you but does no damage.
The killer bee zombie hits you but does no damage.
Casting: Wereblood (safe; 3% risk of failure)
Confirm with . or Enter, or press ? or * to list all spells.
The spell is quite dangerous to miscast (21% risk of failure)!
Continue anyway?
Space momentarily warps into an impossible shape!
You barely miss the killer bee zombie. You slice the bullfrog zombie!!
You slash the bullfrog zombie!
The killer bee zombie closely misses you.
The bullfrog zombie hits you.
* * * LOW HITPOINT WARNING * * *
The killer bee zombie misses you.
The bullfrog zombie hits you but does no damage.
Casting: Manifold Assault (quite dangerous; 21% risk of failure)
Confirm with . or Enter, or press ? or * to list all spells.
The spell is quite dangerous to miscast (21% risk of failure)!
Continue anyway?
Space momentarily warps into an impossible shape!
You slash the killer bee zombie! You barely miss the bullfrog zombie.
You hit the bullfrog zombie.
* * * LOW HITPOINT WARNING * * *
The killer bee zombie barely misses you.
The killer bee zombie hits you.
* * * LOW HITPOINT WARNING * * *
The bullfrog zombie hits you.
* * * LOW HITPOINT WARNING * * *
The bullfrog zombie closely misses you. The killer bee zombie hits you.
* * * LOW HITPOINT WARNING * * *
The bullfrog zombie barely misses you. x2
Casting: Manifold Assault (quite dangerous; 21% risk of failure)
Confirm with . or Enter, or press ? or * to list all spells.
The spell is quite dangerous to miscast (21% risk of failure)!
Continue anyway?
Space momentarily warps into an impossible shape!
You slash the killer bee zombie! You hit the bullfrog zombie.
* * * LOW HITPOINT WARNING * * *
The killer bee zombie misses you.
The killer bee zombie hits you but does no damage.
The bullfrog zombie hits you.
* * * LOW HITPOINT WARNING * * *
The bullfrog zombie barely misses you. The killer bee zombie hits you.
* * * LOW HITPOINT WARNING * * *
The bullfrog zombie hits you but does no damage.
The bullfrog zombie closely misses you.
Casting: Manifold Assault (quite dangerous; 21% risk of failure)
Confirm with . or Enter, or press ? or * to list all spells.
The spell is quite dangerous to miscast (21% risk of failure)!
Continue anyway?
You miscast Manifold Assault.
Nothing appears to happen.
* * * LOW HITPOINT WARNING * * *
The killer bee zombie barely misses you.
The bullfrog zombie hits you.
* * * LOW HITPOINT WARNING * * *
The bullfrog zombie hits you but does no damage.
The killer bee zombie closely misses you.
Unknown command.
Casting: Manifold Assault (quite dangerous; 21% risk of failure)
Confirm with . or Enter, or press ? or * to list all spells.
You don't have enough health to cast this spell.
Unknown command.
You slash the bullfrog zombie!
The bullfrog zombie is severely damaged.
The killer bee zombie closely misses you.
The bullfrog zombie hits you but does no damage.
The bullfrog zombie barely misses you. The killer bee zombie hits you.
You die...

#..##.# #.###.#
.) #.# #.. #†#
#.. #.# ###. #.#
.... #.#
##...###.#######
......Z@Z.......
#♣♣♣♣.#.Z.######
♣. ♣[#.# ..
♣♣#.# ♣♣ .# .#
.# .# ##


You could see 2 bullfrog zombies and a killer bee zombie.

Vanquished Creatures
  3 kobold brigands (Sewer)
  A water moccasin zombie (D:5)
  3 scorpions
  2 howler monkeys (D:4)
  An orc wizard (D:4)
  4 adders
  3 gnolls (D:4)
  4 river rats (Sewer)
  A worm (D:3)
  4 dart slugs
  17 orcs
  3 endoplasms
  A giant cockroach (D:3)
  4 goblins (D:4)
  11 hobgoblins
  9 jackals
  14 kobolds
  2 quokkas
  6 ball pythons
  6 bats
  4 frilled lizards
  7 rats
110 creatures vanquished.

Notes
Turn   | Place    | Note
-------+----------+-------------------------------------------
     0 | D:1      | RascalDebosk the Djinni Warper began the quest for the Orb.
     0 | D:1      | RascalDebosk set off with the following spells memorised:
                  | Blink, Lesser Beckoning, Vhi's Electric Charge, Teleport
                  | Other, Manifold Assault.
     0 | D:1      | Reached XP level 1. HP: 18/18 MP: 0/0
    55 | D:1      | Found Naiff's Book Boutique.
   166 | D:1      | Reached XP level 2. HP: 23/23 MP: 0/0
   166 | D:1      | Found Heuphur's Book Shoppe.
   267 | D:1      | Found Rix Qesh's Jewellery Boutique.
   273 | D:1      | Found Wiazetta's Antique Weapon Shoppe.
   288 | D:1      | Reached skill level 3 in Spellcasting
   394 | D:1      | Found Xumnynir's Antique Armour Emporium.
   753 | D:2      | Reached XP level 3. HP: 28/28 MP: 0/0
   753 | D:2      | Learned a level 1 spell: Shock
   985 | D:2      | Found a faded altar of an unknown god.
  1580 | D:3      | Found a shadowy altar of Dithmenos.
  1593 | D:3      | Identified the +2 leather armour of the Forest {rN+ MP+9
                  | Str+2 Slay+2}
  1934 | D:3      | Reached XP level 4. HP: 30/33 MP: 0/0
  1977 | D:3      | Found a glowing drain.
  1989 | Sewer    | Entered a sewer
  2065 | Sewer    | Noticed a kobold brigand
  2078 | Sewer    | Killed a kobold brigand
  2079 | Sewer    | Reached skill level 4 in Spellcasting
  2079 | Sewer    | Reached XP level 5. HP: 16/39 MP: 0/0
  2079 | Sewer    | Learned a level 2 spell: Wereblood
  2173 | Sewer    | Noticed a kobold brigand
  2187 | Sewer    | Killed a kobold brigand
  2188 | Sewer    | Reached XP level 6. HP: 16/46 MP: 0/0
  3106 | D:3      | Found a glowing golden altar of the Shining One.
  3420 | D:4      | Reached XP level 7. HP: 20/51 MP: 0/0
  3420 | D:4      | Learned a level 3 spell: Spider Form
  4119 | D:4      | HP: 1/52 [gnoll/+0 club (7)]
  4121 | D:4      | Reached skill level 5 in Spellcasting
  5154 | D:5      | Entered Level 5 of the Dungeon
  5308 | D:5      | Reached XP level 8. HP: 58/58 MP: 0/0
  5330 | D:5      | HP: 2/58 [bullfrog zombie (2)]
  5331 | D:5      | Slain by a killer bee zombie

Illustrated notes

Levels and vault maps discovered:
D:1:      zaba_arrival_water, layout_rooms, serial_shops, shop_statue,
          nicolae_shop_hallway_stairs, nicolae_shop_advertising_works
          [nicolae_subvault_shop_adworks], nicolae_shop_tiny_waterfront,
          nicolae_shop_crystal
D:2:      layout_basic, hellmonk_ecumenical_altar_arch_garden
D:3:      layout_loops_ring, nicolae_tso_swordbearing_angel,
          grunt_dithmenos_smoke_and_mirrors, portal_sewer_entry_d,
          dk_noncrumbling_4
D:4:      corexii_shantytown, layout_loops_corners
D:5:      layout_loops_ring, nicolae_yredelemnul_corpse_copse,
          amethyst_overflow_temple_binary, minmay_temple_entry_hall,
          uniq_crazy_yiuf_cottage

Skill      XL: |  1  2  3  4  5  6  7 |
---------------+----------------------+-----
Spellcasting   | 3 4 5 |  5.3
Long Blades    | 2 3 |  3.3
Fighting       | 3 4 |  4.9
Throwing       | |  0.7
Armour         | |  1.0
Dodging        | |  2.1

Action                     |  1- 3 |  4- 6 |  7- 9 || total
---------------------------+-------+-------+-------++-------
  Melee: Falchion          |    66 |   105 |    63 ||   234
         Punch             |     3 |     1 |       ||     4
         Great sword       |       |       |    79 ||    79
   Cast: Blink             |     2 |     3 |     1 ||     6
         Shock             |    29 |    36 |    38 ||   103
         Manifold Assault  |       |     6 |    17 ||    23
         Teleport Other    |       |     2 |       ||     2
         Wereblood         |       |       |     2 ||     2
   Stab: Sleeping          |       |       |     1 ||     1
 Armour: Leather armour    |    19 |    31 |    52 ||   102
  Dodge: Dodged            |    47 |    51 |   115 ||   213
